 Dungeon Crawl Stone Soup version 0.32-a0-19-g28bc0835a1 (webtiles) character file.

Game seed: 15776515864465755849

1424 mopl the Insei (level 8, -3/53 (54) HPs)
             Began as an Octopode Shapeshifter on Jan 17, 2024.
             Killed from afar by Maggie (28 damage)
             ... with a bolt of fire
             ... on level 6 of the Dungeon.
             The game lasted 00:06:36 (4542 turns).

mopl the Insei (Octopode Shapeshifter)              Turns: 4542, Time: 00:06:36

HP:   -3/53 (54)    AC:  1    Str: 13    XL:     8   Next: 72%
MP:   2/2           EV: 14    Int: 12    God:
Gold: 268           SH:  0    Dex: 14    Spells: 7/7 levels left

rFire   . . .        q - +10 dagger of Some {antimagic, rN+}
rCold   . . .        (no shield)
rNeg    + . .        (helmet currently unavailable)
rPois   +            m - amulet of faith {!P}
rElec   .            r - ring of poison resistance
rCorr   .            (no ring)
SInv    .            (no ring)
Will    .....        (no ring)
Stlth   ++           (no ring)
HPRegen 0.28/turn    (no ring)
MPRegen 0.08/turn    (no ring)
                     (no ring)

%: faith
@: beast-form, mesmerised, lightly drained
A: beast (slay +3), almost no armour, amphibious, 8 rings, camouflage 1,
gelatinous body 1, (nimble swimmer 1), tentacles
a: Begin Untransformation


You were on level 6 of the Dungeon.
You were a hulking beast.
You visited 1 branch of the dungeon, and saw 6 of its levels.
You also visited: Sewer.

You collected 268 gold pieces.

Inventory:

Hand Weapons
 h - a +0 sling
 q - the +10 dagger of Some (weapon) {antimagic, rN+}
   (You took it off a goblin on level 2 of the Dungeon)

   rN+:       It protects you from negative energy.
Missiles
 A - a curare-tipped dart (quivered)
 C - 3 poisoned darts
Armour
 n - a +0 buckler
Jewellery
 m - an amulet of faith (around mantle) {!P}
 r - a ring of poison resistance (left tentacle)
 y - a ring of flight
Talismans
 b - a beast talisman
 c - a flux talisman
Wands
 o - a wand of polymorph (6)
 F - a wand of roots (15)
Scrolls
 f - 5 scrolls of teleportation {unknown}
 g - 3 scrolls of noise {unknown}
 j - a scroll of revelation {unknown}
 l - 2 scrolls of blinking {unknown}
 p - a scroll of vulnerability {unknown}
 u - 3 scrolls of poison {unknown}
 w - a scroll of summoning {unknown}
 x - 4 scrolls of enchant weapon {unknown}
 z - a scroll of fog {unknown}
 E - a scroll of brand weapon {unknown}
 G - a scroll of immolation {unknown}
Potions
 a - a potion of lignification {!q}
 d - a potion of berserk rage {!q}
 e - 3 potions of might
 i - a potion of ambrosia
 k - a potion of curing
 s - 3 potions of invisibility
 t - 4 potions of mutation {unknown}
 B - 2 potions of brilliance
 D - a potion of magic


   Skills:
 + Level 4.1 Fighting
 + Level 4.5 Dodging
 * Level 6.8 Unarmed Combat
 * Level 6.3 Shapeshifting


You had 7 spell levels left.
You didn't know any spells.
Your spell library contained the following spells:

 Spells                   Type           Power      Damage    Failure   Level
 Kiss of Death            Conj/Necr      0%         2d5       32%         1
 Magic Dart               Conj           0%         1d3       32%         1
 Blink                    Tloc           0%         N/A       45%         2
 Call Imp                 Summ           0%         N/A       45%         2
 Static Discharge         Conj/Air       0%         3-3/arc   45%         2
 Confusing Touch          Hex            0%         N/A       69%         3
 Fugue of the Fallen      Necr           0%         N/A       69%         3
 Ozocubu's Armour         Ice            0%         N/A       69%         3
 Stone Arrow              Conj/Erth      0%         3d7       69%         3
 Airstrike                Air            0%         2d(0-16)  97%         4
 Dispel Undead            Necr           0%         3d6       97%         4
 Manifold Assault         Tloc           0%         N/A       97%         4
 Conjure Ball Lightning   Conj/Air       0%         3x3d6     100%        6
 Dispersal                Tloc           0%         N/A       100%        6
 Plasma Beam              Fire/Air       0%         2x1d10    100%        6
 Disjunction              Tloc           0%         N/A       100%        8
 Lehudib's Crystal Spear  Conj/Erth      0%         10d2      100%        8
 Animate Armour           Summ/Erth      Unusable   N/A       N/A         4

Dungeon Overview and Level Annotations

Branches:
Dungeon (6/15)              Sewer (visited)
 Temple: D:4-7

Altars:
Ashenzari
Fedhas
Nemelex Xobeh
Okawaru
Qazlal
Zin
The Shining One

Annotations:
D:3 dig
D:6 Maggie


Innate Abilities, Weirdness & Mutations

You are a hulking beast.
Your limbs bulge with bestial killing power. (Slay +3)
You cannot wear most types of armour.
You are amphibious.
You can wear up to eight rings at the same time.
Your skin changes colour to match your surroundings (Stealth+).
Your rubbery body absorbs attacks. (AC +1, EV +1)
((You are camouflaged when in or above water. (Stealth+)))
You have tentacles for arms and can constrict up to eight enemies at once.


Message History

The jelly hits you. The acid corrodes you!
You are splashed with acid.
You puncture the jelly!
Your tentacles burn!
You squeeze the jelly.
The jelly is almost dead.
The jelly barely misses you.
You hit the jelly.
You kill the jelly!
No target in view!
As you open the door, it creaks loudly!
You hear a shout!
There is a stone staircase leading up here.
There is an open door here.
A gnoll comes into view. It is wielding a +0 club.
Found 16 gold pieces.
A gnoll comes into view. It is wielding a +0 whip.
You barely miss the gnoll.
The gnoll shouts!
You grab the gnoll. You constrict the gnoll.
Maggie the Vainglorious comes into view.
She is wielding a +1 halberd of draining.
The gnoll misses you.
You puncture the gnoll! You squeeze the gnoll.
You kill the gnoll!
Maggie mumbles some strange words.
Maggie attempts to bespell you!
You are mesmerised by Maggie!
You see here a +0 club.
You barely miss the gnoll. Your grab misses the gnoll.
You are no longer corroded.
A gnoll comes into view. It is wielding a +0 spear.
The gnoll shouts!
You hit the gnoll. You grab the gnoll. You squeeze the gnoll.
You kill the gnoll!
You hear a shout!
Maggie hits you from afar with a +1 halberd of draining!
You partially resist.
You feel drained. Maggie closely misses you.
You closely miss Maggie. You grab Maggie.
You constrict Maggie, but do no damage. Maggie gestures at you while chanting.
The bolt of fire hits you!!
Ouch! That really hurt!
You die...

..$.... # .
.....## . ..
#..g.. .#
#..##....##.#..
#.............
#..)).# ##.
#.....#....
####.....##.
#8###8##h.##....
.......'@....##.
#8###8##..#.....
########..#.##..
#...<...........
#.....##†....#..
#...........##
#...........#
#.............


You could see Maggie (mesmerising) and a gnoll.

Vanquished Creatures
  Grinder (D:4)
  An ogre (D:4)
  A phantom (D:4)
  Blork the orc (D:5)
  A kobold brigand (Sewer)
  A brain worm (Sewer)
  2 scorpions
  3 wights (D:4)
  2 hounds
  2 orc priests (D:4)
  Crazy Yiuf (D:5)
  2 bombardier beetles (D:5)
  2 jellies
  2 orc wizards
  8 adders
  5 gnolls
  2 shadow imps (D:5)
  A white imp (D:5)
  A ribbon worm (D:2)
  2 dart slugs
  13 orcs
  5 bats
  7 endoplasms
  5 giant cockroaches
  3 hobgoblins
  4 jackals (D:4)
  5 quokkas
  15 ball pythons
  2 frilled lizards
  10 goblins
  17 kobolds
  7 rats
134 creatures vanquished.

Notes
Turn   | Place    | Note
-------+----------+-------------------------------------------
     0 | D:1      | mopl the Octopode Shapeshifter began the quest for the Orb.
     0 | D:1      | Reached XP level 1. HP: 13/13 MP: 1/1
   325 | D:1      | Reached XP level 2. HP: 15/18 MP: 2/2
   888 | D:2      | Reached XP level 3. HP: 22/23 MP: 3/3
  1058 | D:2      | Identified the +10 dagger of Some {antimagic, rN+}
  1372 | D:2      | Reached XP level 4. HP: 29/29 MP: 1/4
  1810 | D:3      | Found a blossoming altar of Fedhas.
  2078 | D:3      | Found a glowing silver altar of Zin.
  2170 | D:4      | Noticed an ogre
  2186 | D:3      | Reached skill level 4 in Unarmed Combat
  2243 | D:4      | Reached XP level 5. HP: 34/34 MP: 1/5
  2260 | D:4      | Noticed a phantom
  2269 | D:4      | Killed a phantom
  2270 | D:4      | Reached skill level 2 in Fighting
  2270 | D:4      | Reached skill level 4 in Shapeshifting
  2275 | D:4      | Found a sparkling altar of Nemelex Xobeh.
  2334 | D:4      | Reached XP level 6. HP: 27/40 MP: 2/6
  2340 | D:4      | Reached skill level 3 in Dodging
  2345 | D:4      | Noticed Grinder
  2409 | D:4      | Reached skill level 5 in Unarmed Combat
  2415 | D:4      | Found a glowing drain.
  2431 | Sewer    | Entered a sewer
  2546 | Sewer    | Reached XP level 7. HP: 36/45 MP: 1/7
  2629 | Sewer    | Reached skill level 3 in Fighting
  2629 | Sewer    | Reached skill level 5 in Shapeshifting
  2876 | D:4      | Paralysed by Grinder for 4 turns
  2880 | D:4      | Killed Grinder
  2950 | D:4      | Reached XP level 8. HP: 48/52 MP: 2/8
  2953 | D:4      | Found a broken altar of Ashenzari.
  3031 | D:4      | Found an iron altar of Okawaru.
  3075 | D:4      | Reached skill level 4 in Dodging
  3075 | D:4      | Reached skill level 6 in Unarmed Combat
  3274 | D:5      | Entered Level 5 of the Dungeon
  3370 | D:5      | Noticed a water elemental
  3371 | D:5      | Found a stormy altar of Qazlal.
  3375 | D:5      | Noticed an air elemental
  3874 | D:5      | Noticed Blork the orc
  3878 | D:5      | Found a glowing golden altar of the Shining One.
  3884 | D:5      | Killed Blork the orc
  3885 | D:5      | Reached skill level 6 in Shapeshifting
  4248 | D:5      | Found a runed translucent door.
  4249 | D:5      | Noticed Crazy Yiuf
  4254 | D:5      | Killed Crazy Yiuf
  4379 | D:5      | Got the Volume of Ozone
  4394 | D:5      | Reached skill level 4 in Fighting
  4534 | D:6      | Noticed Maggie
  4542 | D:6      | Killed from afar by Maggie

Illustrated notes

Levels and vault maps discovered:
D:1:      dpeg_arrival_pits, layout_basic
D:2:      wad_lake_hut, layout_loops_ring, corexii_leaking_fountain
D:3:      layout_loops_ring, zin_treasury, fedhas_altar_fruit_tree,
          minmay_diced_spiral
D:4:      kennysheep_the_goblin_king, layout_cave_pools,
          mainiacjoe_overflow_alcove_2, mainiacjoe_overflow_boulevard,
          marbit_many_paths, portal_sewer_entry_d, uniq_grinder
D:5:      layout_layer_cave, nicolae_tso_carved_into_rock,
          nicolae_qazlal_style_of_elements, serial_library_hellmonk_octagon,
          uniq_blork_the_orc, uniq_crazy_yiuf_cottage
D:6:      layout_cave_pools, minmay_temple_entry_ruins, dk_noncrumbling_2,
          kennysheep_nondescript, nicolae_water_bricks, uniq_maggie

Skill      XL: |  1  2  3  4  5  6  7  8 |
---------------+-------------------------+-----
Unarmed Combat | 4 5 6 |  6.8
Fighting       | 2 3 4 |  4.1
Shapeshifting  | 4 5 6 |  6.3
Dodging        | 3 4 |  4.5

Action                     |  1- 3 |  4- 6 |  7- 9 || total
---------------------------+-------+-------+-------++-------
  Melee: Unarmed           |    50 |       |       ||    50
         Constrict         |    18 |    12 |    26 ||    56
         Tentacles         |    12 |     9 |    29 ||    50
         Dagger            |    11 |    71 |    96 ||   178
         Punch             |       |     5 |     3 ||     8
    Use: Potion            |       |     1 |       ||     1
         Scroll            |       |       |     7 ||     7
   Stab: Sleeping          |     7 |     7 |     5 ||    19
         Distracted        |       |       |     1 ||     1
 Armour: Skin              |    18 |    27 |    41 ||    86
  Dodge: Dodged            |    30 |    42 |    58 ||   130

Table legend: (Time is in decaauts)
 A = Elapsed time spent in this place.
 B = Non-inter-level travel time spent in this place.
 C = Inter-level travel time spent in this place.
 D = Time resting spent in this place.
 E = Time spent auto-exploring this place.
 F = Levels seen in this place.
 G = Mean time per level.
                   A        B        C        D        E       F      G
               +--------+--------+--------+--------+--------+-----+--------+
         Total |   4543 |   4262 |    281 |    151 |   3196 |   7 |  649.0 |
       Dungeon |   4192 |   3911 |    281 |     39 |   3043 |   6 |  698.7 |
         Sewer |    350 |    350 |      0 |    112 |    153 |   1 |  350.0 |
               +--------+--------+--------+--------+--------+-----+--------+

Top non-repeatable levels by time:
     D:5: 1235 daAuts
     D:2: 843 daAuts
     D:4: 738 daAuts
     D:1: 686 daAuts
     D:3: 657 daAuts
   Sewer: 350 daAuts
     D:6: 31 daAuts
